Cogmind - Beta 17.1 @@@ ROGUE MODE // 2026.09.04 @ 20:55:55 Player: frazz Result: Self-destructed Performance ------------- Evolutions (2) 1000 Regions Visited (4) 800 Robots Destroyed (14) 70 Value Destroyed (333) 333 Prototype IDs (0) 0 Alien Tech Used (0) 0 Bonus (0) 0 TOTAL SCORE: 2203 Bonus ------- None Cogmind --------- Core Integrity 550/550 Matter 228/300 Energy 250/250 System Corruption 0% Temperature Cool (0) Movement Walking (190) Ox1 Location -8/Materials Parts ------- > --- POWER (2) -------- Ion Engine > --- PROPULSION (3) --- Aluminum Leg > --- UTILITY (4) ------ Subdweller Optics Makeshift System Shield > --- WEAPON (2) ------- Subdweller Laser Grenade Launcher > --- INVENTORY (5) ---- Ion Engine Light Ion Engine Small Storage Unit Assault Rifle Datajack Peak State ------------ > --- POWER ------------ Ion Engine > --- PROPULSION ------- Aluminum Leg > --- UTILITY ---------- Subdweller Optics Makeshift System Shield > --- WEAPON ----------- Subdweller Laser Assault Rifle > --- INVENTORY -------- Ion Engine Light Ion Engine Grenade Launcher Datajack [Rating: 11] Favorites ----------- Power Ion Engine Engine Ion Engine Propulsion Aluminum Leg Leg Aluminum Leg Utility Small Storage Unit Device Subdweller Optics Storage Small Storage Unit Hackware Makeshift System Shield Weapon Assault Rifle Energy Gun Subdweller Laser Ballistic Gun Assault Rifle Launcher Grenade Launcher Build | -11 -10 -10 -10 -8 ------- Run | Yrd Mat Min Sub Mat Slots Evolved 4 | . . . . 4 Power 1 | . . . . 1 Propulsion 1 | . . . . 1 Utility 2 | . . . . 2 Weapon . | . . . . . Parts Attached 15 | 7 . 4 4 . Power 2 | 1 . . 1 . Engine 2 | 1 . . 1 . Core . | . . . . . Reactor . | . . . . . Propulsion 3 | 2 . 1 . . Treads . | . . . . . Leg 3 | 2 . 1 . . Wheel . | . . . . . Hover . | . . . . . Flight . | . . . . . Utility 4 | 2 . . 2 . Device 2 | 1 . . 1 . Storage 1 | 1 . . . . Processor . | . . . . . Hackware 1 | . . . 1 . Protection . | . . . . . Artifact . | . . . . . Weapon 6 | 2 . 3 1 . Energy Gun 3 | 1 . 1 1 . Energy Cannon . | . . . . . Ballistic Gun 2 | 1 . 1 . . Ballistic Cannon . | . . . . . Launcher 1 | . . 1 . . Special Weapon . | . . . . . Impact Weapon . | . . . . . Slashing Weapon . | . . . . . Piercing Weapon . | . . . . . Special Melee Weapon . | . . . . . Unidentified Prototypes . | . . . . . Parts Lost 6 | . 1 3 2 . Power 1 | . . . 1 . Propulsion 2 | . . 1 1 . Utility 1 | . . 1 . . Weapon 2 | . 1 1 . . Highest Loss Streak 3 | . 1 3 2 . To Critical Strikes . | . . . . . Average Backups 4 | 1 5 5 4 5 Power 2 | . 2 3 2 2 Propulsion . | . . . . . Utility . | . . . . 1 Weapon 1 | . 2 1 1 1 Tool/Special . | . . . . . Unused Backups 4 | . 1 . . 3 Power 2 | . . . . 2 Propulsion . | . . . . . Utility . | . . . . . Weapon 1 | . 1 . . . Tool/Special 1 | . . . . 1 Average Slot Usage (%) 85 | . 96 84 81 54 Engine 13 | . 14 14 13 9 Leg 20 | . 28 27 15 9 Device 10 | . 14 1 11 9 Storage 7 | . 14 14 2 . Hackware 5 | . . . 9 9 Energy Gun 10 | . 10 5 12 9 Ballistic Gun 10 | . 14 14 7 . Launcher 5 | . . 6 8 9 Peak Build Rating 11 | 7 7 6 11 11 Average Rating 8 | 4 6 5 9 11 On Entrance 6 | . 7 6 6 11 Avg Prop Armor Cover (%) . | . . . . . Naked Turns . | . . . . . Heaviest Build 15 | 15 15 15 15 14 Greatest Support 20 | 20 20 20 20 10 Greatest Overweight (x) 1 | . . . 1 1 Average Overweight (x) . | . . . . 1 Largest Inventory Capacity 8 | 8 8 8 8 5 Average Capacity 6 | 6 8 8 5 5 Most Carried 8 | 4 8 8 5 5 Average Carried 4 | 1 5 5 4 5 Final Capacity 8 | 8 8 8 5 5 Final Carried 8 | 3 8 5 5 5 Class Distribution -------------------- 100% | Mutant Dominant Class ---------------- Mutant | -10/Materials Mutant | -10/Mines Mutant | -10/Subcaves Mutant | -8/Materials Resources | -11 -10 -10 -10 -8 ----------- Run | Yrd Mat Min Sub Mat Matter Collected 520 | 263 74 94 89 . Remotely . | . . . . . Salvage Created 322 | 21 168 23 110 . Parts 28 | 3 9 8 8 . Haulers Intercepted . | . . . . . Recyclers Shooed . | . . . . . Parts Field Recycled . | . . . . . Retrieved Matter . | . . . . . Parts Self-Destructed . | . . . . . Prevented . | . . . . . Parts Restored . | . . . . . Kills | -11 -10 -10 -10 -8 ------- Run | Yrd Mat Min Sub Mat Combat Hostiles Destroyed 13 | . 4 6 3 . Guns 7 | . 4 1 2 . AOE 6 | . . 5 1 . Classes Destroyed 4 | 1 1 1 1 . Tunneler 1 | 1 . . . . Swarmer 6 | . . 6 . . Grunt 4 | . 4 . . . Subdweller 3 | . . . 3 . Best Kill Streak 3 | 1 3 3 2 . Combat Bots Only 3 | . 3 3 2 . Max Kills in Single Turn 3 | 1 1 3 1 . Gunslinging . | . . . . . Exploded 3 | . . 3 1 . Melee . | . . . . . Uniques/NPCs Destroyed . | . . . . . Combat | -11 -10 -10 -10 -8 -------- Run | Yrd Mat Min Sub Mat Hostile Shots Fired 96 | . 42 39 15 . Missed 24 | . 6 15 3 . Hits 72 | . 36 24 12 . Projectile 72 | . 36 24 12 . Critical Strikes 1 | . . 1 . . Damage Taken 861 | . 389 194 278 . Core 171 | . 86 41 44 . Absorbed by Shields . | . . . . . Core Remaining (%) 65 | 100 . . 31 . Volleys Fired 46 | 1 23 9 13 . Largest 2 | 2 2 2 2 . Hottest 90 | 60 60 50 90 . Shots Fired 73 | 2 30 15 26 . Gun 62 | 2 30 9 21 . Cannon . | . . . . . Launcher 11 | . . 6 5 . Special . | . . . . . Kinetic 42 | 1 23 9 9 . Thermal 12 | . . . 12 . Explosive 11 | . . 6 5 . Electromagnetic 8 | 1 7 . . . Robot Hit Streak 7 | 1 6 2 7 . Robot Miss Streak 3 | 1 3 3 1 . Penetration Max . | . . . . . Secondary Targets 1 | . . . 1 . Max Gunslinging Chain 1 | . . . 1 . Shots Hit Robots 42 | 1 21 5 15 . Core Hits 25 | 1 8 7 9 . Critical Kills . | . . . . . Critical Parts Destroyed . | . . . . . Critical Strikes . | . . . . . Melee Attacks . | . . . . . Impact . | . . . . . Slashing . | . . . . . Piercing . | . . . . . Sneak Attacks . | . . . . . Combat Hostiles . | . . . . . Follow-up Attacks . | . . . . . Damage Inflicted 993 | 14 247 424 308 . Guns 438 | 14 247 23 154 . Cannons . | . . . . . Explosions 555 | . . 401 154 . Melee . | . . . . . Ramming . | . . . . . Kinetic 324 | 14 198 23 89 . Thermal 65 | . . . 65 . Explosive 555 | . . 401 154 . Electromagnetic 49 | . 49 . . . Impact . | . . . . . Slashing . | . . . . . Piercing . | . . . . . Highest Corruption . | . . . . . Average Corruption . | . . . . . Corruption Purged . | . . . . . Corruption Blocked . | . . . . . Overload Shots . | . . . . . Overflow Damage 1 | . . . 1 . Projectiles . | . . . . . Explosions 1 | . . . 1 . Melee . | . . . . . Knockbacks . | . . . . . Impact . | . . . . . Kinetic . | . . . . . Secondary . | . . . . . Self-Inflicted Damage 23 | . . . 23 . Shots 1 | . . . 1 . Rammed . | . . . . . Targets Rammed . | . . . . . Kicked . | . . . . . Crushed . | . . . . . Highest Temperature 72 | . 72 . 1 . Average Temperature 34 | . 35 . 1 . Received Heat Transfer 291 | . 216 . 75 . Siege Activations . | . . . . . Martial Activations . | . . . . . Shielding Activations . | . . . . . Robots Disrupted . | . . . . . Combat Hostiles . | . . . . . Robots Corrupted . | . . . . . Combat Hostiles . | . . . . . Parts Fried . | . . . . . Impact Corruptions . | . . . . . Robots Melted . | . . . . . Combat Hostiles . | . . . . . Parts Melted . | . . . . . Heat Transferred 150 | . . . 150 . Parts Sabotaged . | . . . . . Parts Stolen . | . . . . . Parts Stripped . | . . . . . Power Chain Reactions . | . . . . . Alert | -11 -10 -10 -10 -8 ------- Run | Yrd Mat Min Sub Mat Maximum Alert Level . | . . . . . Low Security (%) 100 | 100 100 100 . 100 Level 1 . | . . . . . Level 2 . | . . . . . Level 3 . | . . . . . Level 4 . | . . . . . Level 5 . | . . . . . High Security . | . . . . . Max Security . | . . . . . Peak Influence 141 | 5 70 141 . . Initial 15 | . . 15 . . Average 32 | . 12 80 . . Influence Increases 296 | 5 100 191 . . Destroy 0b10 Robot/C 200 | . 80 120 . . Destroy 0b10 Robot/NC 5 | 5 . . . . Destroy Leader 40 | . 20 20 . . Disable Machine 15 | . . 15 . . Destroy Structure 36 | . . 36 . . Influence Decreases 296 | 5 60 130 101 . Entered New Map 78 | . . 25 53 . Time Decay 188 | 5 50 95 38 . Lost Part 30 | . 10 10 10 . Squads Dispatched 2 | . 2 . . . Investigation 1 | . 1 . . . Extermination . | . . . . . Reinforcement 1 | . 1 . . . Assault . | . . . . . Garrison . | . . . . . Intercept . | . . . . . Searches Triggered . | . . . . . Construction Impeded . | . . . . . Haulers Reinforced . | . . . . . Active Scanning Responses . | . . . . . Cargo Convoy Interrupts . | . . . . . Stealth | -11 -10 -10 -10 -8 --------- Run | Yrd Mat Min Sub Mat Distress Signals 3 | . 3 . . . Communications Jammed . | . . . . . Distress Signals . | . . . . . Times Spotted 18 | . 9 6 3 . Peak Tracking Total 5 | . 5 3 2 . Tactical Retreats . | . . . . . Traps | -11 -10 -10 -10 -8 ------- Run | Yrd Mat Min Sub Mat Traps Triggered 1 | . 1 . . . Indirectly . | . . . . . Trap Hack Attempts . | . . . . . Triggered . | . . . . . Disarmed . | . . . . . Reprogrammed . | . . . . . Reused . | . . . . . Traps Extracted . | . . . . . Installed . | . . . . . Triggered . | . . . . . Machines | -11 -10 -10 -10 -8 ---------- Run | Yrd Mat Min Sub Mat Machines Disabled 1 | . . 1 . . Max in Single Turn 1 | . . 1 . . Machines Repaired . | . . . . . Machines Dismantled . | . . . . . Machines Sabotaged . | . . . . . Overloaded Fab Kills . | . . . . . Hacking | -11 -10 -10 -10 -8 --------- Run | Yrd Mat Min Sub Mat Machines Accessed . | . . . . . Terminals . | . . . . . Fabricators . | . . . . . Repair Stations . | . . . . . Recycling Units . | . . . . . Scanalyzers . | . . . . . Garrison Access . | . . . . . Total Hacks . | . . . . . Successful . | . . . . . Failed . | . . . . . Catastrophic . | . . . . . Database Lockouts . | . . . . . Manual . | . . . . . Terminals . | . . . . . Fabricators . | . . . . . Repair Stations . | . . . . . Recycling Units . | . . . . . Scanalyzers . | . . . . . Garrison Access . | . . . . . Terminal Hacks . | . . . . . Fabricator Hacks . | . . . . . Repair Station Hacks . | . . . . . Recycling Unit Hacks . | . . . . . Scanalyzer . | . . . . . Garrison Access Hacks . | . . . . . Unauthorized Hacks . | . . . . . Terminals . | . . . . . Fabricators . | . . . . . Repair Stations . | . . . . . Recycling Units . | . . . . . Scanalyzers . | . . . . . Garrison Access . | . . . . . Data Cores Recovered . | . . . . . Used . | . . . . . Hacking Detections . | . . . . . Full Trace Events . | . . . . . Feedback Events . | . . . . . Feedback Blocked . | . . . . . Robot Schematics Acquired . | . . . . . Robots Built . | . . . . . Authchips . | . . . . . Time . | . . . . . Total Robot Build Rating . | . . . . . Part Schematics Acquired . | . . . . . Parts Built . | . . . . . Authchips . | . . . . . Time . | . . . . . Total Part Build Rating . | . . . . . Part Studies Acquired . | . . . . . Parts Repaired . | . . . . . Time . | . . . . . Parts Recycled . | . . . . . Recycled Matter . | . . . . . Retrieved Matter . | . . . . . Retrieved Components . | . . . . . Parts Scanalyzed . | . . . . . Part Schematics Acquired . | . . . . . Parts Damaged . | . . . . . Bothacking | -11 -10 -10 -10 -8 ------------ Run | Yrd Mat Min Sub Mat Used RIF Installer . | . . . . . Robots Hacked . | . . . . . Non-combat . | . . . . . Combat . | . . . . . Robot Hacks Applied . | . . . . . Relay Couplers Released . | . . . . . Fabnet Peak Effective % . | . . . . . Robots Rewired . | . . . . . Allies Hacked . | . . . . . Hacks Repelled . | . . . . . Allies | -11 -10 -10 -10 -8 -------- Run | Yrd Mat Min Sub Mat Total Allies . | . . . . . Largest Group . | . . . . . Highest-Rated Group . | . . . . . Highest-Rated Ally . | . . . . . Total Orders . | . . . . . Ally Attacks . | . . . . . Total Damage . | . . . . . Kills . | . . . . . Allies Corrupted . | . . . . . Allies Melted . | . . . . . Intel | -11 -10 -10 -10 -8 ------- Run | Yrd Mat Min Sub Mat Active Infowar (turns) 1030 | 15 365 13 629 8 Optics 637 | . . . 629 8 Seismic 393 | 15 365 13 . . Robot Analysis Total . | . . . . . Derelict Logs Recovered . | . . . . . Drone Launches . | . . . . . Drone Recoveries . | . . . . . Exploration | -11 -10 -10 -10 -8 ------------- Run | Yrd Mat Min Sub Mat Turns Passed 1424 | 91 365 208 752 8 Spaces Moved 706 | 63 105 149 386 3 Core 5 | 5 . . . . Treads . | . . . . . Legs 701 | 58 105 149 386 3 Wheels . | . . . . . Hover . | . . . . . Flight . | . . . . . Fastest Speed 50 | 50 120 120 120 190 Average Speed 151 | 114 120 120 178 190 Slowest Speed 190 | 120 120 120 190 190 Overloaded Moves . | . . . . . Propulsion Burnouts . | . . . . . Robots Hopped . | . . . . . Potential Cave-ins . | . . . . . Cave-ins Triggered . | . . . . . Exploration Rate (%) 21 | 3 19 47 34 3 Regions Visited 4 Branch Regions 2 Pre-discovered Areas . | . . . . . Known Exits Taken . | . . . . . Unknown Exits Taken 4 | 1 1 1 1 . Scrap Searched 1 | . . 1 . . Spaces Dug . | . . . . . Terrain Destroyed 72 | . . 39 33 . Melee . | . . . . . Projectile . | . . . . . AOE 72 | . . 39 33 . Terrain Rammed . | . . . . . Walls Destroyed . | . . . . . Machines Disabled . | . . . . . Actions | -11 -10 -10 -10 -8 --------- Run | Yrd Mat Min Sub Mat Total 987 | 80 314 162 426 5 Wait 193 | . 180 . 11 2 Move 702 | 62 104 148 385 3 Hop . | . . . . . Pick Up 22 | 10 6 . 6 . Fast Attach . | . . . . . Attach 13 | 7 . 3 3 . Detach 1 | . . . 1 . Swap 5 | . . 2 3 . Drop 5 | . 1 . 4 . Fire 46 | 1 23 9 13 . Melee . | . . . . . Ram . | . . . . . Kick . | . . . . . Crush . | . . . . . Escape Stasis . | . . . . . Rewire . | . . . . . Trap . | . . . . . Miscellaneous . | . . . . . Route ------- -11/Scrapyard -10/Materials -10/Mines (discovered 2 exits: [*Mat] / [*Sub]) -10/Subcaves -8/Materials History --------- Turn | Location | Event 3 | -11/Scrapyard | Discovered new exit (range 16) 92 | -11/Scrapyard | Entered Materials 301 | -10/Materials | Build established: Mutant 445 | -10/Materials | Discovered new exit (range 11) 457 | -10/Materials | Entered Mines 458 | -10/Mines | Assembled infested the area 508 | -10/Mines | Lost 3 parts (1n1u1w) 567 | -10/Mines | Met a Derelict bent on vengeance 578 | -10/Mines | Core integrity fell below 50% 642 | -10/Mines | Discovered new exit (range 7) 652 | -10/Mines | Discovered new exit (range 13) 665 | -10/Mines | Entered Subcaves 863 | -10/Subcaves | Shifting Twisted Machinery released Mak. System Shield 1358 | -10/Subcaves | Discovered new exit (range 11) 1417 | -10/Subcaves | Entered Materials 1417 | -8/Materials | Evolved 4 slots: Power x1, Propulsion x1, Utility x2 1425 | -8/Materials | Self-destructed Last Messages --------------- Subatomizers dissect the Sub. Monowheel. Mak. System Shield falls loose from the Twisted Machinery. Dropped Sml. Storage Unit. Acquired Mak. System Shield. Acquired Sml. Storage Unit. DP-7PZ(u) builds Twisted Machinery. Destroyed Lgt. Ion Engine. YW-X8P(R): "MADSUB!" Acquired 7 matter. Acquired 5 matter. Subatomizers dissect the Cobbler Unit. YW-X8P(R) destroyed. 37-7RA(u) tweaks Twisted Machinery. Subatomizers dissect the Cobbler Unit. 37-7RA(u) deconstructs Twisted Machinery. EXIT=FOUND PARAMETERS=POWER+1,PROPULSION+1,UTILITY+2 LOCATION=UNKNOWN GOAL=ESCAPE Map ----- +----------------------------------------------------+ | ??????????????????????????????? | | ??????????????????????????????? | | ??????????????????????????????? | | ??????????????????????????????? | | ??????????????????????????????? | | ??????????????????????????????? | | ??????????????????????????????? | | ??????????????????????????????? | | ??????????????????????????????? | | ??????????????????????????????? | | ??????????????????????????????? | | ??????????????????????????????? | | ??????????????????????????????? | | ??????????????????????????????? | | ??????????????????????????????? | | ??????????????????????????????? | | ??????????????????????????????? | | ??????????????????????????????? | | ??????????????????????????????? | | ??????????????????????????????? | | ????????????????????########### | | ????????????????????# # # | | ????????????????????# #! # | | ?????????????????#### # # | | ?????????????????#! + """ # | | ????????????????#! #@""" # | | ????????????????#! # """ # | | ????????????????#! # # | | ????????????????#! ####### | | ????????????????##! #?????? | | ?????????????????#### #?????? | | ????????????????????# #?????? | | ????????????????????# #?????? | | ????????????????????# #?????? | | ????????????????????# #?????? | | ????????????????????# #?????? | | ????????????????????# #?????? | | ???????????????????? #?????? | | ???????????????????? #?????? | | ???????????????????? ??????? | | ???????????????????? ??????? | | ???????????????????? ??????? | | ??????????????????? ??????? | | ????????????????????? !??????? | | ??????????????????????????????? | | ??????????????????????????????? | | ??????????????????????????????? | | ??????????????????????????????? | | ??????????????????????????????? | | ??????????????????????????????? | +----------------------------------------------------+ Best States ------------- Heat Dissipation 31 Energy Generation 10 Energy Capacity 250 Matter Stores 300 Matter Capacity 300 Sight Range 21 Terrain Scan Density 10 Evasion (%) 55 Defensive Hacking 11 Item Schematics ----------------- None Robot Schematics ------------------ None Fabricated ------------ Nothing Repaired ---------- Nothing Studied --------- None Alien Tech Used ----------------- None Achievements -------------- None Challenges ------------ None Game ------ Seed ScimitarTerrabombRocket Manual? 0 Play Time 00:09:02 Cumulative 17.0 hours Start 2026.09.04 @ 20:47:02 End 2026.09.04 @ 20:55:55 Sessions 1 Manual Loads 0 Difficulty Rogue Special Mode None Game No. 26 Rogue 24 Adventurer 2 Explorer 0 Win Type - Total 0 Types 0/0/0/0/0/0/0/0/0/0 Lore% 15 Gallery% 18 Achievement% 17 Wizard Run 0 Options --------- Layout 1 ASCII 1 Keyboard 0 Movement Numpad Keybinds 0 Fullscreen 2 Font 24/Smallcaps Map View 50x35 Zoom Use 0% Tactical HUD 0 Map Filters NONE Filters NONE Steam 1 RUN: df3e74e8-a552-437d-ba0d-efdf2852a69d